 Dungeon Crawl Stone Soup version 0.23.2-1-ga50397a (webtiles) character file.

Game seed: 1373206728831437500

40470 Fang the Fighter (level 14, 0/141 HPs)
             Began as a Gargoyle Berserker on May 6, 2019.
             Was the Champion of Trog.
             Slain by a 12-headed hydra (4 damage)
             ... on level 6 of the Lair of Beasts.
             The game lasted 00:25:20 (17044 turns).

Fang the Fighter (Gargoyle Berserker)              Turns: 17044, Time: 00:25:21

Health: 0/141      AC: 30    Str: 29    XL:     14   Next: 11%
Magic:  14/14      EV: 16    Int: 10    God:    Trog [******]
Gold:   1101       SH:  5    Dex:  9    Spells: 13/13 levels left

rFire    . . .     SeeInvis +   E - +3 battleaxe (chop)
rCold    . . .     Gourm    .   (shield currently unavailable)
rNeg     + . .     Faith    .   b - +1 plate armour
rPois    ∞         Spirit   .   (no helmet)
rElec    +         Reflect  +   (no cloak)
rCorr    .         Harm     .   q - +2 pair of gloves
MR       +++..                  (no boots)
Stlth    ..........             r - +5 amulet of reflection
HPRegen  1.33/turn              I - +4 ring of evasion
MPRegen  0.14/turn              v - ring of see invisible

@: berserking, regenerating, very quick
A: big wings, negative energy resistance 1, electricity resistance, unbreathing,
petrification resistance, rot immunity, AC +10
a: Fly, Berserk, Trog's Hand, Brothers in Arms, Renounce Religion


You were on level 6 of the Lair of Beasts.
You worshipped Trog.
Trog was exalted by your worship.
You were very hungry.

You visited 3 branches of the dungeon, and saw 18 of its levels.
You also visited: Sewer.

You collected 1101 gold pieces.

Inventory:

Hand Weapons
 a - a +0 war axe
 y - a +0 war axe of draining
 E - a +3 battleaxe of chopping (weapon)
Armour
 b - a +1 plate armour (worn)
 q - a +2 pair of gloves (worn)
Jewellery
 g - a +3 ring of dexterity
 p - a +3 ring of intelligence
 r - a +5 amulet of reflection (around neck)
 v - a ring of see invisible (right hand)
 A - a cursed ring of attention {unknown}
 D - the ring "Anua" {*Tele MR+}
   (You found it on level 1 of the Lair of Beasts)

   [ring of teleportation]

   It may teleport you next to monsters.
   It affects your resistance to hostile enchantments.
 F - a +2 ring of strength
 I - a +4 ring of evasion (left hand)
Wands
 j - a wand of flame (32)
 n - a wand of polymorph (24)
 o - a wand of acid (5)
 w - a wand of paralysis (12)
 B - a wand of disintegration (19)
 C - a wand of enslavement (10)
Scrolls
 d - 6 scrolls of fog
 s - 4 scrolls of identify
 t - a scroll of fear
 u - 7 scrolls of teleportation
 x - 8 scrolls of remove curse
 G - a scroll of magic mapping
 H - a scroll of blinking
Potions
 e - 3 potions of mutation
 f - 2 potions of haste
 h - 16 potions of curing
 i - 2 potions of ambrosia
 k - 3 potions of agility
 l - 4 potions of invisibility
 m - 2 potions of might
 z - 5 potions of heal wounds
Comestibles
 c - 27 rations
 J - 17 chunks of flesh


   Skills:
 + Level 13.3 Fighting
 + Level 11.4 Axes
 + Level 13.1 Armour
 + Level 10.4 Dodging


You had 13 spell levels left.
You didn't know any spells.
Your spell library was empty.

Dungeon Overview and Level Annotations

Branches:
Dungeon (11/15)            Temple (1/1) D:4            Lair (6/6) D:11
 Shoals (0/4) Lair:4        Snake (0/4) Lair:3        Slime (0/5) Lair:6
    Orc (0/2) D:10

Altars:
Ashenzari
Cheibriados
Dithmenos
Elyvilon
Fedhas
Gozag
Hepliaklqana
Kikubaaqudgha
Makhleb
Nemelex Xobeh
Okawaru
Qazlal
Ru
Sif Muna
Trog
Uskayaw
Vehumet
Wu Jian
Xom
Yredelemnul
Zin
The Shining One

Shops:
D:7 *%(

Annotations:
Lair:3 exclusion: 2 oklob plants
Lair:5 1 runed translucent door, frimble's ghost, journeyman VSAs


Innate Abilities, Weirdness & Mutations

You are resistant to torment.
Your stone body is resilient. (AC +10)
You are immune to poison.
Your large and strong wings let you fly indefinitely.
You resist negative energy. (rN+)
You are resistant to electric shocks. (rElec)
You can survive without breathing.
You are immune to petrification.
You are immune to rotting.


Message History

The 11-headed hydra bites you but does no damage.
The 11-headed hydra bites you!
* * * LOW HITPOINT WARNING * * *
The 11-headed hydra barely misses you. x2
You block the 11-headed hydra's attack. x2
The 11-headed hydra barely misses you.
You lop one of the 11-headed hydra's heads off!
The ten-headed hydra grows two more!
You slash the 12-headed hydra!
The 12-headed hydra is severely wounded.
The 12-headed hydra completely misses you.
The 12-headed hydra bites you but does no damage.
The 12-headed hydra bites you.
* * * LOW HITPOINT WARNING * * *
The 12-headed hydra bites you.
* * * LOW HITPOINT WARNING * * *
The 12-headed hydra bites you but does no damage. x2
The 12-headed hydra bites you.
* * * LOW HITPOINT WARNING * * *
The 12-headed hydra bites you.
You die...

≈≈.#......##.....#.
.....≈≈.#....#.##.....#.
#........#...#..##......
................##...#.#
........<..........#....
.#.P.....#........#...#.
........##.....#....####
......D†.#...÷÷.....####
.P....†@.#...÷.........#
........#.......÷....#..
.........†.........P....
.P.......=...........P..
............$...........
........................
.PP............P.P......
..P........#...#.......P
......................


You could see a 12-headed hydra.

Vanquished Creatures
  4 hydras
  2 catoblepae
  2 lindwurms (Lair:6)
  Pikel (D:5)
  An ugly thing (D:11)
  2 manticores (Lair:6)
  6 black mambas
  Maurice (D:9)
  4 elephants (Lair:6)
  11 spiny frogs
  3 merfolk sirens (Lair:4)
  3 rime drakes
  A torpor snail (Lair:6)
  5 komodo dragons
  2 ice devils (Lair:3)
  A merfolk (Lair:4)
  3 trolls
  Grinder (D:6)
  5 blink frogs (Lair:6)
  A hornet (D:11)
  6 hippogriffs
  11 dream sheep (Lair:6)
  A shadow (D:11)
  A vampire (D:5)
  A spriggan (D:7)
  A wraith (D:11)
  46 yaks
  A basilisk (Lair:6)
  3 fire bats (Lair:1)
  11 water moccasins
  3 porcupines
  10 orc warriors
  2 ice beasts
  4 sky beasts
  A slave (D:5)
  A black bear (D:10)
  15 wolves
  A necrophage (D:8)
  3 ogres
  2 phantoms
  7 centaurs
  7 crocodiles
  7 big kobolds
  16 bullfrogs
  A wyvern zombie (D:7)
  6 scorpions
  A water moccasin skeleton (D:7)
  10 killer bees
  A howler monkey (D:4)
  7 crimson imps
  4 hounds
  9 orc priests
  3 bullfrog zombies (D:8)
  A gnoll shaman (D:8)
  8 jellies
  9 orc wizards
  Terence (D:3)
  Ijyb (D:3)
  7 worker ants
  A killer bee zombie (D:10)
  A hound zombie (D:6)
  A hound skeleton (D:9)
  3 gnolls (D:8)
  A worker ant zombie (D:8)
  A howler monkey skeleton (D:5)
  15 adders
  6 river rats (Sewer)
  A shadow imp (D:8)
  A white imp (Lair:6)
  7 oozes
  An adder zombie (D:6)
  An adder skeleton (D:4)
  3 worms
  5 leopard geckos
  39 orcs
  5 giant cockroaches
  4 hobgoblins
  2 iguanas (D:6)
  3 jackals
  8 quokkas
  7 ball pythons
  10 bats
  5 frilled lizards
  3 goblins
  28 kobolds
  A leopard gecko skeleton (D:4)
  23 rats
  7 fungi
  3 plants
485 creatures vanquished.

Vanquished Creatures (collateral kills)
  A hydra (Lair:2)
  A spiny frog (Lair:2)
  A water moccasin (Lair:2)
3 creatures vanquished.

Vanquished Creatures (others)
  A blink frog (Lair:6)
  2 yaks (Lair:6)
  A centaur (D:11)
  A bush (Lair:6)
  15 fungi (Lair:6)
  8 plants
28 creatures vanquished.

Grand Total: 516 creatures vanquished

Notes
Turn   | Place    | Note
-------+----------+-------------------------------------------
     0 | D:1      | Fang the Gargoyle Berserker began the quest for the Orb.
     0 | D:1      | Reached XP level 1. HP: 14/14 MP: 1/1
   249 | D:1      | Reached XP level 2. HP: 19/19 MP: 2/2
   922 | D:2      | Found a snail-covered altar of Cheibriados.
  1612 | D:3      | Found a burning altar of Makhleb.
  1677 | D:3      | Noticed Terence
  1690 | D:3      | Killed Terence
  1690 | D:3      | Reached XP level 3. HP: 18/24 MP: 3/3
  2150 | D:3      | Reached XP level 4. HP: 23/29 MP: 4/4
  2179 | D:3      | Reached XP level 5. HP: 25/33 MP: 1/5
  2185 | D:3      | Reached ** piety under Trog
  2453 | D:3      | Found a faded altar of an unknown god.
  2665 | D:3      | Noticed Ijyb
  2696 | D:3      | Killed Ijyb
  3044 | D:3      | Reached XP level 6. HP: 24/39 MP: 4/6
  3312 | D:4      | Found a glowing drain.
  3397 | Sewer    | Entered a sewer
  3427 | Sewer    | Reached skill level 5 in Fighting
  3573 | Sewer    | Reached XP level 7. HP: 38/44 MP: 7/7
  3622 | Sewer    | Reached *** piety under Trog
  3795 | Sewer    | Reached skill level 5 in Armour
  4018 | D:4      | Reached XP level 8. HP: 50/51 MP: 8/8
  4091 | D:4      | Reached **** piety under Trog
  4142 | D:4      | Found a staircase to the Ecumenical Temple.
  4281 | D:4      | Found an opulent altar of Gozag.
  4378 | D:5      | Entered Level 5 of the Dungeon
  4573 | D:5      | Noticed Pikel
  4591 | D:5      | Killed Pikel
  4591 | D:5      | Reached skill level 5 in Axes
  4740 | D:5      | Reached XP level 9. HP: 29/56 MP: 3/9
  4976 | D:5      | Reached skill level 5 in Dodging
  5191 | D:6      | Noticed Grinder
  5200 | D:6      | Paralysed by Grinder for 4 turns
  5207 | D:6      | Paralysed by Grinder for 3 turns
  5225 | D:6      | Killed Grinder
  5501 | D:6      | Found a glowing silver altar of Zin.
  5835 | D:6      | Found a shimmering altar of Xom.
  6286 | D:6      | Found a radiant altar of Vehumet.
  6289 | D:6      | Found a hazy altar of Hepliaklqana.
  6292 | D:6      | Found a sacrificial altar of Ru.
  6580 | D:7      | Found an ancient bone altar of Kikubaaqudgha.
  6621 | D:7      | Found Oxisebog's Assorted Antiques.
  6623 | D:7      | Found Mubiv's Food Emporium.
  6649 | D:7      | Found Zyodghog's Antique Weapon Shop.
  7330 | D:7      | Reached XP level 10. HP: 57/64 MP: 8/10
  8383 | D:8      | Reached ***** piety under Trog
  8782 | Temple   | Entered the Ecumenical Temple
  8950 | D:9      | Noticed Maurice
  8954 | D:9      | Paralysed by Maurice for 3 turns
  8960 | D:9      | Paralysed by Maurice for 4 turns
  8971 | D:9      | Killed Maurice
  9080 | D:9      | Found a basalt altar of Yredelemnul.
  9262 | D:9      | Found a stormy altar of Qazlal.
  9781 | D:10     | Entered Level 10 of the Dungeon
  9821 | D:10     | Reached XP level 11. HP: 61/71 MP: 9/11
 10073 | D:10     | Found a staircase to the Orcish Mines.
 10229 | D:10     | Reached skill level 10 in Fighting
 10740 | D:11     | Noticed a white ugly thing
 10751 | D:11     | Killed a white ugly thing
 11012 | D:11     | Reached skill level 10 in Armour
 11616 | D:11     | Found a staircase to the Lair.
 11934 | Lair:1   | Entered Level 1 of the Lair of Beasts
 12142 | Lair:1   | Reached XP level 12. HP: 62/79 MP: 12/12
 12263 | Lair:1   | Got an ancient silver ring
 12429 | Lair:1   | Found a dark tunnel.
 12746 | Lair:1   | Identified the ring "Anua" {*Tele MR+} (You found it on
                  | level 1 of the Lair of Beasts)
 12764 | Lair:2   | Noticed a seven-headed hydra
 12769 | Lair:2   | Killed a nine-headed hydra
 13311 | Lair:3   | Found the +2 Maxwell's thermic engine {flame, freeze}
 13434 | Lair:3   | Found a staircase to the Snake Pit.
 13892 | Lair:3   | Found a frozen archway.
 14271 | Lair:4   | Found a snail-covered altar of Cheibriados.
 14272 | Lair:4   | Found a staircase to the Shoals.
 14281 | Lair:4   | Reached skill level 10 in Axes
 14320 | Lair:4   | Reached ****** piety under Trog
 14505 | Lair:4   | Received a gift from Trog
 14583 | Lair:4   | Noticed a catoblepas
 14592 | Lair:4   | Killed a catoblepas
 14760 | Lair:4   | Reached XP level 13. HP: 76/86 MP: 13/13
 15081 | Lair:5   | Found a runed translucent door.
 15083 | Lair:5   | Noticed frimble's ghost (journeyman VSAs)
 15990 | Lair:6   | Entered Level 6 of the Lair of Beasts
 16079 | Lair:6   | Found a staircase to the Slime Pits.
 16270 | Lair:6   | Reached skill level 10 in Dodging
 16859 | Lair:6   | Gained mutation: Your large and strong wings let you fly
                  | indefinitely. [Gargoyle growth]
 16859 | Lair:6   | Reached XP level 14. HP: 43/94 MP: 14/14
 17044 | Lair:6   | HP: 5/141 [12-headed hydra (5)]
 17044 | Lair:6   | Slain by a 12-headed hydra

Skill      XL: |  1  2  3  4  5  6  7  8  9 10 11 12 13 14 |
---------------+-------------------------------------------+-----
Axes           | 3 4 5 6 8 9 10 11 | 11.4
Dodging        | 2 3 4 5 7 8 9 10 | 10.4
Armour         | 3 4 5 6 7 9 10 11 12 13 | 13.1
Fighting       | 4 5 6 8 9 10 12 13 | 13.3

Action                   |  1- 3 |  4- 6 |  7- 9 | 10-12 | 13-15 || total
-------------------------+-------+-------+-------+-------+-------++-------
Melee: Hand axe          |   112 |   206 |   162 |       |       ||   480
       War axe           |       |       |   303 |   939 |       ||  1242
       Battleaxe         |       |       |       |    14 |   249 ||   263
Invok: Berserk           |     2 |     3 |     4 |     5 |     8 ||    22
       Trog's Hand       |       |       |       |     1 |     1 ||     2
       Brothers in Arms  |       |       |       |     1 |       ||     1
  Use: Scroll            |       |     1 |    13 |     6 |     4 ||    24
 Stab: Distracted        |       |       |       |     1 |       ||     1
       Petrified         |       |       |       |       |     3 ||     3
  Eat: Chunk             |     6 |     8 |    13 |    27 |    11 ||    65
       Ration            |       |       |     1 |     1 |     1 ||     3
Armor: Animal skin       |    40 |       |       |       |       ||    40
       Chain mail        |     5 |   148 |   323 |       |       ||   476
       Skin              |       |    15 |       |       |       ||    15
       Plate armour      |       |       |    74 |   732 |   311 ||  1117
Dodge: Dodged            |    89 |   113 |   246 |   531 |   314 ||  1293
Block: Other             |       |       |       |   145 |   102 ||   247
       Reflection        |       |       |       |     2 |       ||     2
